 Dungeon Crawl Stone Soup version 0.19.5 (webtiles) character file.

19902 tidbits the Carver (level 12, -4/81 HPs)
             Began as a High Elf Skald on Nov 16, 2017.
             Was the Champion of Makhleb.
             Slain by a death yak (24 damage)
             ... in an ice cave.
             The game lasted 01:24:23 (7126 turns).

tidbits the Carver (High Elf Skald)                 Turns: 7126, Time: 01:24:24

Health: -4/81      AC: 13    Str: 15    XL:     12   Next: 40%
Magic:  15/21      EV: 18    Int: 17    God:    Makhleb [******]
Gold:   327        SH:  5    Dex: 16    Spells: 7 memorised, 5 levels left

rFire  . . .     SeeInvis .     a - +2 scimitar (flame)
rCold  + . .     Gourm    .     j - +1 ring mail {rC+}
rNeg   . . .     Faith    .     D - +0 buckler
rPois  .         Spirit   .     (no helmet)
rElec  +         Reflect  .     (no cloak)
rCorr  .         Harm     .     G - +1 pair of gloves
MR     +....                    F - +2 pair of boots
Stlth  +.........               R - amulet "Hujot" {rElec Regen+}
                                V - +2 ring of evasion
                                f - ring of flight

@: flying
A: hooves 1
a: Minor Destruction, Lesser Servant of Makhleb, Major Destruction, Greater
Servant of Makhleb, Renounce Religion


You were in an ice cave.
You worshipped Makhleb.
Makhleb was exalted by your worship.
You were near starving.

You visited 3 branches of the dungeon, and saw 17 of its levels.
You visited 1 bazaar.
You also visited: Ice Cave.

You collected 947 gold pieces.
You spent 620 gold pieces at shops.

Inventory:

Hand Weapons
 a - a +2 scimitar of flaming (weapon)
   (You took it off Erica on level 11 of the Dungeon)
 n - a +1 trident of venom
   (You took it off an orc on level 8 of the Dungeon)
 t - a +0 great sword
   (You found it in an ice cave)
 z - a +1 trident of freezing
   (You took it off an orc on level 3 of the Dungeon)
 L - a +2 dagger of holy wrath
   (You took it off an orc wizard on level 9 of the Dungeon)
 N - a +1 shortbow
   (You took it off a centaur on level 6 of the Dungeon)
 S - a +1 hand axe of electrocution
   (You took it off an orc on level 10 of the Dungeon)
 W - a +4 scimitar
   (You took it off a wight on level 14 of the Dungeon)
Missiles
 b - 3 curare-tipped needles
 o - 7 tomahawks of returning (quivered)
 u - 10 tomahawks
 y - 3 tomahawks of dispersal {!f}
 A - 139 arrows
Armour
 j - a +1 ring mail of cold resistance (worn)
   (You took it off an orc on level 8 of the Dungeon)
 B - a +0 troll leather armour
   (You found it on level 2 of the Orcish Mines)
 D - a +0 buckler (worn)
   (You found it on level 7 of the Dungeon)
 F - a +2 pair of boots (worn)
   (You found it on level 1 of the Dungeon)
 G - a +1 pair of gloves (worn)
   (You found it on level 3 of the Dungeon)
 U - the +8 chain mail "Ycelled" {+Fly rN+++ Int-2 Dex+3, unknown}
   (You found it on level 12 of the Dungeon)

   It affects your intelligence (-2).
   It affects your dexterity (+3).
   It renders you almost immune to negative energy.
   It lets you fly.
Magical Staves
 g - an uncursed staff of death {unknown}
   (You found it in an ice cave)
 Y - an uncursed staff of conjuration {!a}
   (You found it on level 9 of the Dungeon)
Jewellery
 f - a ring of flight (left hand)
   (You found it on level 3 of the Dungeon)
 I - an uncursed ring of see invisible
   (You found it on level 5 of the Dungeon)
 K - an uncursed ring of resist corrosion
   (You found it on level 6 of the Dungeon)
 P - an uncursed ring of poison resistance
   (You found it on level 4 of the Dungeon)
 R - the amulet "Hujot" (around neck) {rElec Regen+}
   (You bought it in a shop in a bazaar)

   [amulet of regeneration]

   It insulates you from electricity.
   It increases your rate of regeneration.
 T - an uncursed ring of positive energy
   (You found it on level 9 of the Dungeon)
 V - a +2 ring of evasion (right hand)
   (You took it off an orc on level 8 of the Dungeon)
Wands
 h - a wand of iceblast (6/15)
   (You found it on level 6 of the Dungeon)
 k - a wand of enslavement (18/24)
   (You found it on level 12 of the Dungeon)
 q - a wand of paralysis (18/24)
   (You bought it in a shop in a bazaar)
 v - a wand of iceblast (4/15)
   (You found it in an ice cave)
Scrolls
 i - 2 scrolls of recharging
 p - a scroll of blinking
 r - 5 scrolls of remove curse
 C - 2 scrolls of enchant weapon
 H - a scroll of enchant armour
 J - a scroll of holy word
 Q - 2 scrolls of immolation
 Z - a scroll of amnesia
Potions
 e - 3 potions of ambrosia
 l - 3 potions of flight
 m - a potion of brilliance
 s - 6 potions of curing
 x - 2 potions of lignification
 O - a potion of cure mutation {!q}
Books
 c - a book of Battle

   Spells                             Type                      Level
   a - Infusion                       Charms                       1
   b - Shroud of Golubria             Charms/Translocation         2
   c - Song of Slaying                Charms                       2
   d - Spectral Weapon                Hexes/Charms                 3
   e - Regeneration                   Charms/Necromancy            3
 M - a book of Clouds
   (You found it on level 7 of the Dungeon)

   Spells                             Type                      Level
   a - Mephitic Cloud                 Conjuration/Poison/Air       3
   b - Conjure Flame                  Conjuration/Fire             3
   c - Poisonous Cloud                Conjuration/Poison/Air       6
   d - Freezing Cloud                 Conjuration/Ice/Air          6
   e - Ring of Flames                 Charms/Fire                  7
Comestibles
 d - 4 bread rations
 w - 9 fruits
 E - 4 meat rations


   Skills:
 + Level 7.4 Fighting
 * Level 12.6 Long Blades
 - Level 6.8 Armour
 + Level 8.2 Dodging
 - Level 4.7 Shields
 - Level 5.5 Spellcasting
 - Level 3.8 Conjurations
 - Level 3.0 Hexes
 - Level 5.8 Charms
 - Level 2.5 Necromancy
 - Level 4.2 Air Magic
 - Level 7.3 Invocations


You had 5 spell levels left.
You knew the following spells:

 Your Spells              Type           Power        Failure   Level  Hunger
c - Conjure Flame         Conj/Fire      ##......     38%         3    ##.....
g - Shroud of Golubria    Chrm/Tloc      ##........   14%         2    #......
i - Infusion              Chrm           ###.         2%          1    None
m - Mephitic Cloud        Conj/Pois/Air  ##......     24%         3    ##.....
r - Regeneration          Chrm/Necr      ###.......   14%         3    ##.....
w - Spectral Weapon       Hex/Chrm       ###.....     14%         3    ##.....
y - Song of Slaying       Chrm           ###.....     3%          2    #......


Dungeon Overview and Level Annotations

Branches:
Dungeon (14/15)            Temple (1/1) D:4            Lair (0/6) D:10
    Orc (2/2) D:12            Elf (0/3) Orc:2
 Vaults: D:13-14

Altars:
Ashenzari
Cheibriados
Elyvilon
Fedhas
Gozag
Hepliaklqana
Kikubaaqudgha
Makhleb
Okawaru
Qazlal
Ru
Sif Muna
Trog
Uskayaw
Vehumet
Zin
The Shining One
Beogh

Annotations:
D:14 1 exclusion
Orc:2 tidbits's ghost, journeyman HESk


Innate Abilities, Weirdness & Mutations

You have large cloven feet.


Message History

Makhleb accepts your kill.
You feel better.
You slice the wolf!! You burn the wolf!
You kill the wolf!
Makhleb accepts your kill.
You feel better.
Your skin is crawling a little less now.
Casting: Regeneration
Confirm with . or Enter, or press ? or * to list all spells.
Space distorts slightly along a thin shroud covering your body.
You hit the polar bear but do no damage.
Your hellwing hits the polar bear!
Your hellwing hits the polar bear but does no damage.
The polar bear misses you. The polar bear completely misses you.
The polar bear closely misses you.
Put on which piece of jewellery? (? for menu, Esc to quit)
You're wearing all the rings you can.
Remove which one? (? for menu, Esc to cancel) < or
I - a ring of see invisible; > or
V - a +2 ring of evasion You remove your ring of see invisible.
f - a ring of flight (left hand)
Your hellwing hits the polar bear.
Your hellwing closely misses the polar bear.
The polar bear misses you. The polar bear closely misses you. x2
You feel very buoyant.
You fly up into the air.
You feel somewhat more hungry.
Your hellwing barely misses the polar bear.
Your hellwing hits the polar bear but does no damage.
The polar bear bites you!
Your shroud falls apart!
The polar bear closely misses you. x2
You are near starving!
You hit the polar bear. You burn the polar bear.
The polar bear is moderately wounded.
The yak snorts and paws the ground.
Your hellwing hits the polar bear! x2; The polar bear bites your hellwing!
The polar bear completely misses your hellwing.
The polar bear claws your hellwing.
A yak comes into view.
You hit the polar bear. You burn the polar bear.
The polar bear is almost dead.
Your skin stops crawling.
You hit the polar bear but do no damage.
The polar bear is almost dead.
Your hellwing hits the polar bear.
The polar bear dies!
Makhleb accepts your kill.
Your hellwing hits the death yak!
Your hellwing completely misses the death yak.
Casting: Shroud of Golubria
Confirm with . or Enter, or press ? or * to list all spells.
You draw out your weapon's spirit!
Your hellwing hits the death yak.
Your hellwing hits the death yak but does no damage.
The yak gores your spectral weapon.
Your spectral weapon shares its damage with you!
The death yak gores you.
You hit the death yak. You burn the death yak.
The death yak is moderately wounded.
Your spectral weapon hits the death yak.
Your spectral weapon burns the death yak.
Your hellwing hits the death yak!
Your hellwing barely misses the death yak.
The yak gores your spectral weapon.
Your spectral weapon shares its damage with you!
The death yak gores you.
You hit the death yak but do no damage.
The death yak is moderately wounded.
Your spectral weapon hits the death yak but does no damage.
The yak gores your spectral weapon!
Your spectral weapon shares its damage with you!
Your spectral weapon fades away.
* * * LOW HITPOINT WARNING * * *
Your hellwing hits the death yak!
Your hellwing barely misses the death yak.
You block the death yak's attack.
You barely miss the death yak.
The death yak is heavily wounded.
Your hellwing closely misses the death yak.
Your hellwing hits the death yak but does no damage.
You barely miss the death yak.
The death yak is heavily wounded.
The death yak gores you!
* * * LOW HITPOINT WARNING * * *
Your hellwing hits the death yak.
Your hellwing closely misses the death yak.
The yak gores your hellwing but does no damage.
You slash the death yak! You burn the death yak.
The death yak is severely wounded.
The death yak closely misses you.
You hit the death yak but do no damage.
The death yak is severely wounded.
Your hellwing hits the death yak!
Your hellwing hits the death yak but does no damage.
The yak gores your hellwing! The death yak gores you!
* * * LOW HITPOINT WARNING * * *
You hit the death yak but do no damage.
The death yak is almost dead.
The yak gores your hellwing!
Your hellwing closely misses the yak.
Your hellwing hits the yak. The death yak gores you!!
You die...

######### ### #
#.§§§#.≈### #Y.. ##
##§§#§##@Y##..# .##
##≈.####4Y†# ..#
#§.§####Y≈≈# ..## ###§§#
≈≈≈≈≈≈≈#
#..#########.§##≈≈≈≈≈≈≈##
..##.....##≈.###≈≈≈≈≈≈≈≈≈
.§#§§.⌠...###..#≈≈≈≈≈≈≈≈#.
#§§§§.....##...##≈≈≈≈≈≈##
##§§§#########..##≈≈≈###


You could see a death yak, 2 yaks and a friendly hellwing.

Vanquished Creatures
  A dancing weapon (D:13)
  Erica (D:11)
  The ghost of ponchio the Thaumaturge, a novice DECj of Vehumet (D:9)
  2 unseen horrors
  Pikel (D:6)
  3 hill giants
  A manticore (D:12)
  A centaur skeleton (D:13)
  A gargoyle (D:14)
  An ice statue (IceCv)
  7 polar bears (IceCv)
  A two-headed ogre (Orc:2)
  Grinder (D:5)
  A troll (Orc:2)
  A meliai zombie (D:12)
  5 hippogriffs
  2 wyverns
  A basilisk (D:13)
  21 yaks
  A wraith (D:13)
  3 hungry ghosts
  A water moccasin (D:9)
  A slave (D:6)
  2 sky beasts
  An eye of draining (D:12)
  3 ice beasts
  12 orc warriors
  A phantom (D:5)
  A hornet zombie (D:8)
  A necrophage (D:9)
  3 ogres
  12 wolves (IceCv)
  3 centaurs
  The ghost of tidbits the Slasher, an amateur HESk of Cheibriados (D:4)
  A big kobold (D:12)
  3 bullfrogs (D:9)
  A wyvern skeleton (D:11)
  2 scorpions
  5 killer bees (D:11)
  9 wights
  3 howler monkeys
  A crimson imp (D:8)
  A quasit (D:6)
  8 orc priests
  4 hounds
  3 jellies
  2 bullfrog skeletons
  A gnoll shaman (D:8)
  8 orc wizards
  Natasha (twice) (D:3)
  4 iguanas
  5 worker ants
  2 hound zombies
  A hound skeleton (D:7)
  2 howler monkey skeletons
  A howler monkey zombie (D:7)
  10 gnolls
  8 adders
  2 oozes
  2 adder skeletons
  An adder zombie (D:8)
  2 worms (D:2)
  A dart slug (D:3)
  5 leopard geckos
  80 orcs
  2 giant cockroaches
  5 goblins
  5 hobgoblins
  4 jackals
  2 quokkas
  3 ball pythons
  2 bats
  5 frilled lizards
  10 kobolds
  A leopard gecko skeleton (D:6)
  A quokka skeleton (D:4)
  10 rats
  2 plants (D:10)
331 creatures vanquished.

Vanquished Creatures (collateral kills)
  A death yak (IceCv)
  3 polar bears (IceCv)
  2 yaks (IceCv)
  3 wolves (IceCv)
  A bullfrog (D:11)
10 creatures vanquished.

Vanquished Creatures (others)
  A yak (IceCv)
  3 wolves (IceCv)
  An orc (D:11)
  12 spectral weapons
17 creatures vanquished.

Grand Total: 358 creatures vanquished

Notes
Turn   | Place    | Note
-------+----------+-------------------------------------------
     0 | D:1      | tidbits the High Elf Skald began the quest for the Orb.
     0 | D:1      | Reached XP level 1. HP: 14/14 MP: 4/4
   195 | D:1      | Reached skill level 2 in Dodging
   252 | D:2      | Reached XP level 2. HP: 19/19 MP: 3/6
   263 | D:2      | Learned a level 2 spell: Song of Slaying
   266 | D:2      | Learned a level 2 spell: Shroud of Golubria
   447 | D:1      | Reached skill level 3 in Dodging
   523 | D:2      | Reached XP level 3. HP: 21/24 MP: 2/7
   618 | D:4      | Found a staircase to the Ecumenical Temple.
   625 | Temple   | Entered the Ecumenical Temple
   669 | Temple   | Became a worshipper of Makhleb the Destroyer
   902 | D:2      | Reached skill level 4 in Dodging
  1021 | D:3      | Reached XP level 4. HP: 29/29 MP: 5/8
  1026 | D:3      | Learned a level 3 spell: Regeneration
  1089 | D:3      | Reached skill level 3 in Spellcasting
  1101 | D:3      | Noticed Natasha
  1269 | D:3      | Found a glowing silver altar of Zin.
  1275 | D:3      | Reached * piety under Makhleb
  1330 | D:3      | Killed Natasha
  1330 | D:3      | Reached skill level 4 in Charms
  1476 | D:3      | Noticed Natasha
  1490 | D:3      | Killed Natasha
  1490 | D:3      | Reached XP level 5. HP: 34/34 MP: 0/11
  1534 | D:3      | Learned a level 3 spell: Spectral Weapon
  1581 | D:4      | Noticed tidbits's ghost (amateur HESk)
  1584 | D:4      | Found a snail-covered altar of Cheibriados.
  1615 | D:4      | Killed tidbits's ghost
  1615 | D:4      | Reached skill level 1 in Hexes
  1615 | D:4      | Reached skill level 1 in Necromancy
  1658 | D:4      | Reached XP level 6. HP: 32/39 MP: 1/12
  1758 | D:4      | Reached skill level 5 in Charms
  1870 | D:5      | Entered Level 5 of the Dungeon
  1877 | D:5      | Reached skill level 2 in Hexes
  1910 | D:5      | Found a sacrificial altar of Ru.
  1930 | D:5      | Reached skill level 2 in Necromancy
  1996 | D:5      | Reached skill level 3 in Hexes
  1996 | D:5      | Reached XP level 7. HP: 44/45 MP: 3/13
  2037 | D:6      | Reached skill level 3 in Long Blades
  2120 | D:5      | Reached skill level 4 in Long Blades
  2227 | D:5      | Reached skill level 5 in Long Blades
  2236 | D:5      | Found a hazy altar of Hepliaklqana.
  2373 | D:6      | Reached skill level 6 in Long Blades
  2547 | D:7      | Reached ** piety under Makhleb
  2556 | D:7      | Reached skill level 7 in Long Blades
  2556 | D:7      | Reached XP level 8. HP: 50/50 MP: 5/14
  2718 | D:7      | Gained mutation: You have large cloven feet. [potion of beneficial mutation]
  2856 | D:5      | Noticed Grinder
  2883 | D:5      | Killed Grinder
  2883 | D:5      | Reached skill level 2 in Shields
  2985 | D:7      | Reached skill level 3 in Shields
  3045 | D:7      | HP: 1/51 [orc warrior/halberd (18)]
  3163 | D:6      | Noticed Pikel
  3187 | D:6      | Killed Pikel
  3187 | D:6      | Reached skill level 4 in Fighting
  3187 | D:6      | Reached skill level 4 in Shields
  3187 | D:6      | Reached XP level 9. HP: 36/58 MP: 4/15
  3473 | D:7      | Learned a level 3 spell: Mephitic Cloud
  3643 | D:8      | Reached skill level 4 in Spellcasting
  3643 | D:8      | Reached skill level 1 in Conjurations
  3643 | D:8      | Reached skill level 1 in Air Magic
  3679 | D:9      | Noticed ponchio's ghost (novice DECj)
  3718 | D:8      | Reached skill level 2 in Conjurations
  3718 | D:8      | Reached skill level 2 in Air Magic
  3870 | D:8      | Noticed an unseen horror
  3880 | D:8      | Killed an unseen horror
  3880 | D:8      | Reached skill level 5 in Spellcasting
  3880 | D:8      | Reached skill level 3 in Conjurations
  3880 | D:8      | Reached skill level 4 in Air Magic
  3885 | D:8      | Learned a level 3 spell: Conjure Flame
  3921 | D:8      | Reached *** piety under Makhleb
  4005 | D:8      | Reached skill level 1 in Invocations
  4115 | D:8      | Reached skill level 2 in Invocations
  4136 | D:8      | Reached skill level 3 in Invocations
  4205 | D:9      | Reached skill level 4 in Invocations
  4234 | D:9      | Killed ponchio's ghost
  4234 | D:9      | Reached skill level 5 in Invocations
  4234 | D:9      | Reached XP level 10. HP: 64/64 MP: 3/19
  4349 | D:8      | Reached skill level 6 in Invocations
  4429 | D:8      | Noticed a hill giant
  4441 | D:8      | Killed a hill giant
  4441 | D:8      | Reached skill level 7 in Invocations
  4477 | D:9      | Reached **** piety under Makhleb
  4477 | D:9      | Reached skill level 8 in Long Blades
  4653 | D:9      | Reached skill level 5 in Dodging
  4673 | D:9      | Found an ancient bone altar of Kikubaaqudgha.
  4826 | D:9      | Reached skill level 9 in Long Blades
  4836 | D:9      | Reached skill level 5 in Fighting
  4905 | D:10     | Entered Level 10 of the Dungeon
  4915 | D:10     | Reached skill level 6 in Dodging
  4991 | D:10     | Found a staircase to the Lair.
  5166 | D:11     | Noticed Erica
  5168 | D:11     | Noticed a hill giant
  5171 | D:11     | Reached skill level 10 in Long Blades
  5178 | D:11     | Killed Erica
  5178 | D:11     | Reached XP level 11. HP: 69/72 MP: 14/20
  5188 | D:11     | Reached ***** piety under Makhleb
  5220 | D:11     | Killed a hill giant
  5220 | D:11     | Reached skill level 6 in Fighting
  5386 | D:12     | Reached skill level 11 in Long Blades
  5386 | D:12     | Reached skill level 7 in Dodging
  5434 | D:12     | Reached skill level 1 in Armour
  5527 | D:12     | Noticed a hill giant
  5537 | D:12     | Killed a hill giant
  5537 | D:12     | Reached skill level 2 in Armour
  5648 | D:12     | Found a roughly hewn altar of Beogh.
  5648 | D:12     | Found a staircase to the Orcish Mines.
  5686 | D:12     | Reached skill level 3 in Armour
  5753 | D:12     | Reached skill level 4 in Armour
  5764 | Orc:1    | Entered Level 1 of the Orcish Mines
  5825 | Orc:2    | Entered Level 2 of the Orcish Mines
  5873 | Orc:2    | Reached skill level 5 in Armour
  5876 | Orc:2    | Found a flickering gateway to a bazaar.
  5880 | Orc:2    | Found a staircase to the Elven Halls.
  5887 | Orc:2    | Noticed tidbits's ghost (journeyman HESk)
  5986 | Bazaar   | Entered a bazaar
  5990 | Bazaar   | Found Ygyuw's Jewellery Boutique.
  6009 | Bazaar   | Found Zues's Gadget Shoppe.
  6026 | Bazaar   | Found Utwamak's Book Boutique.
  6043 | Bazaar   | Found Gekeyhal's Antique Weapon Emporium.
  6072 | Bazaar   | Bought a wand of paralysis (18/24) for 180 gold pieces
  6087 | Bazaar   | Bought the amulet "Hujot" {rElec Regen+} for 440 gold pieces
  6231 | D:12     | You fall through a shaft!
  6245 | D:13     | Noticed a tengu warrior
  6246 | D:13     | Noticed an enchanted long sword
  6247 | D:13     | Noticed an enchanted long sword
  6321 | D:13     | Killed an enchanted long sword
  6321 | D:13     | Reached skill level 6 in Armour
  6472 | D:12     | Got a polished chain mail
  6717 | D:14     | Found a frozen archway.
  6730 | D:14     | Noticed an unseen horror
  6737 | D:14     | Noticed a centaur warrior
  6744 | D:14     | Killed an unseen horror
  6746 | D:14     | Noticed a red ugly thing
  6750 | IceCv    | Entered an ice cave
  6761 | IceCv    | Reached XP level 12. HP: 54/80 MP: 18/21
  6924 | IceCv    | Reached ****** piety under Makhleb
  6927 | IceCv    | Reached skill level 7 in Fighting
  6927 | IceCv    | Reached skill level 12 in Long Blades
  7042 | IceCv    | Reached skill level 8 in Dodging
  7087 | IceCv    | Noticed a death yak
  7089 | IceCv    | Noticed a death yak
  7104 | IceCv    | Killed a death yak
  7126 | IceCv    | Slain by a death yak

Skill      XL: |  1  2  3  4  5  6  7  8  9 10 11 12 |
---------------+-------------------------------------+-----
Dodging        | 2 3 4 6 7 8 |  8.2
Spellcasting   | 3 5 |  5.5
Charms         | 4 5 |  5.8
Hexes          | 1 3 |  3.0
Necromancy     | 1 2 |  2.5
Long Blades    | 7 10 11 12 | 12.6
Shields        | 4 |  4.7
Fighting       | 4 5 6 7 |  7.4
Conjurations   | 3 |  3.8
Air Magic      | 4 |  4.2
Invocations    | 5 7 |  7.3
Armour         | 6 |  6.8

Action                   |  1- 3 |  4- 6 |  7- 9 | 10-12 || total
-------------------------+-------+-------+-------+-------++-------
Melee: Falchion          |   102 |   119 |   226 |       ||   447
       Unarmed           |       |     8 |    11 |       ||    19
       Scimitar          |       |       |    60 |   596 ||   656
 Fire: Shortbow          |       |       |     3 |       ||     3
Throw: Tomahawk          |       |       |     3 |     6 ||     9
 Cast: Infusion          |    16 |    12 |     7 |     3 ||    38
       Shroud of Golubri |     3 |     4 |    16 |    27 ||    50
       Regeneration      |       |     2 |    14 |    16 ||    32
       Spectral Weapon   |       |     7 |    38 |    54 ||    99
       Conjure Flame     |       |       |     1 |     1 ||     2
       Mephitic Cloud    |       |       |       |     4 ||     4
Invok: Lesser Servant of |       |       |       |     2 ||     2
 Abil: Evoke Flight      |       |       |       |     1 ||     1
Evoke: Wand              |       |       |     2 |       ||     2
  Use: Potion            |       |     4 |     5 |     2 ||    11
       Scroll            |       |       |    11 |    11 ||    22
 Stab: Sleeping          |       |     1 |       |       ||     1
       Distracted        |       |     1 |     1 |     6 ||     8
       Confused          |       |       |       |     5 ||     5
  Eat: Chunk             |     1 |     5 |    12 |     8 ||    26
       Pizza             |       |       |     2 |       ||     2
       Beef jerky        |       |       |     1 |     1 ||     2
       Meat ration       |       |       |       |     1 ||     1
Armor: Leather armour    |    26 |    21 |    73 |       ||   120
       Skin              |       |     9 |     8 |       ||    17
       Ring mail         |       |       |     9 |    77 ||    86
       Troll leather arm |       |       |       |    15 ||    15
Dodge: Dodged            |    61 |    76 |   142 |   299 ||   578
Block: Buckler           |       |       |    41 |   110 ||   151
       Rpst.: Falchion   |    14 |    24 |    36 |       ||    74
       Scimitar          |       |       |    11 |    85 ||    96

Table legend:
 A = Turns spent in this place as a percentage of turns spent in the entire game.
 B = Non-inter-level travel turns spent in this place as a percentage of non-inter-level travel turns spent in the entire game.
 C = Inter-level travel turns spent in this place as a percentage of turns spent in this place.
 D = Turns resting spent in this place as a percentage of non-inter-level travel turns spent in this place.
 E = Turns spent auto-exploring this place as a percentage of non-inter-level travel turns spent in this place.
 F = Non-inter-level travel turns spent in this place divided by the number of levels of this place that you've seen.
                   A       B       C       D       E      F
               +-------+-------+-------+-------+-------+----------------------
         Total | 100.0 | 100.0 |   0.2 |   0.1 |   0.0 | 354.6
       Dungeon |  88.2 |  88.2 |   0.2 |   0.1 |   0.0 | 424.6
        Temple |   0.4 |   0.3 |  11.5 |   0.0 |   0.0 |  23.0
  Orcish Mines |   4.3 |   4.3 |   0.3 |   0.0 |   0.0 | 144.5
        Bazaar |   1.7 |   1.7 |   0.0 |   0.0 |   0.0 | 113.0
      Ice Cave |   5.4 |   5.4 |   0.0 |   0.0 |   0.0 | 367.0
               +-------+-------+-------+-------+-------+----------------------

Table legend:
 A = Kills in this place as a percentage of kills in entire the game.
 B = Kills by you in this place as a percentage of kills by you in the entire game.
 C = Kills by friends in this place as a percentage of kills by friends in the entire game.
 D = Other kills in this place as a percentage of other kills in the entire game.
 E = Experience gained in this place as a percentage of experience gained in the entire game.
 F = Experience gained in this place divided by the number of levels of this place that you have seen.
                   A       B       C       D       E      F
               +-------+-------+-------+-------+-------+----------------------
         Total | 100.0 | 100.0 | 100.0 | 100.0 | 100.0 | 1496.4
       Dungeon |  83.2 |  85.2 |  10.0 | 100.0 |  71.2 | 1445.9
  Orcish Mines |   5.3 |   5.5 |   0.0 |   0.0 |   4.9 | 690.5
      Ice Cave |  11.5 |   9.2 |  90.0 |   0.0 |  23.9 | 6809.0
               +-------+-------+-------+-------+-------+----------------------

Vault maps used:
D:1:      saegor_arrival_under_anarchy, minmay_shallow_snake_nest
D:3:      minitemple, overflow_temple_1_default, hangedman_decor_points,
          uniq_natasha
D:4:      cheibriados_altar_1, minmay_temple_entry_overgrown, first_bread
D:5:      nicolae_ru_sacrificial_ziggurat, nicolae_overflow_crystal_walls,
          uniq_grinder
D:6:      uniq_pikel
D:8:      special_room
D:9:      kennysheep_mini_moat
D:10:     minmay_blocky_corners, dpeg_oklobed_lair
D:11:     wad_pebble_path, uniq_urug, uniq_erica
D:12:     david_orc_5, blue_anna_alchemist
D:13:     erik_vaults_1
D:14:     wad_floor_pattern_untrapped, portal_ice_cave_entry_pillars_1,
          hangedman_incinerator
Temple:   minmay_temple_bridge_abc
Orc:1:    basic_altar
Orc:2:    grunt_orc_community_town_hall, grunt_orc_community_big_house_1,
          grunt_orc_community_big_house_2, grunt_orc_community_house_1,
          grunt_orc_community_house_3, grunt_orc_community_house_1,
          grunt_orc_community_house_1, grunt_orc_community_house_1,
          serial_shops, bzr_in_the_mist, elves_outpost_lemuel
Bazaar:   bazaar_jpeg_circle_common
IceCv:    ice_cave_caverns_02
